 Dungeon Crawl Stone Soup version 0.26-a0-591-g04f19ec95a (webtiles) character file.

Game seed: 15977166320914225803

18666 amanitamuscaria the Carver (level 12, -22/85 HPs)
             Began as an Octopode Fighter on Aug 24, 2020.
             Was an Initiate of Gozag.
             Killed from afar by Jorgrun (32 damage)
             ... with an iron shot
             ... on level 13 of the Dungeon.
             The game lasted 00:33:54 (16683 turns).

amanitamuscaria the Carver (Octopode Fighter)      Turns: 16683, Time: 00:33:54

Health: -22/85     AC:  5    Str: 15    XL:     12   Next: 60%
Magic:  21/21      EV:  8    Int: 12    God:    Gozag
Gold:   1607       SH:  0    Dex: 18    Spells: 11/11 levels left

rFire    + . .     SeeInvis +   Q - +0 demon blade
rCold    + + +     Faith    .   j - +0 buckler
rNeg     . . .     Spirit   .   (helmet restricted)
rPois    +         Reflect  .   I - amulet "Wanolet" {rElec Regen+}
rElec    +         Harm     .   o - ring of protection from cold
rCorr    +                      t - ring of resist corrosion
MR       .....                  A - ring of protection from fire
Stlth    ++........             C - +4 ring of protection
HPRegen  0.64/turn              p - ring of Ustonas {+Fly rPois rC++ Str-3 SInv}
MPRegen  0.17/turn              F - ring of magical power
                                R - ring of Zovvuley {rPois Dex+6}
                                L - ring of attention (curse)

@: petrifying, grasped by roots, constricted, very slow
A: almost no armour, stealthy swim, amphibious, 8 rings, constrict 8, camouflage
1, gelatinous body 1
a: Potion Petition, Call Merchant, Bribe Branch, Renounce Religion, Evoke Flight


You were on level 13 of the Dungeon.
You worshipped Gozag.
Gozag was most pleased with you.
You visited 1 branch of the dungeon, and saw 13 of its levels.
You also visited: Gauntlet.

You collected 3146 gold pieces.
You spent 1504 gold pieces at shops.
You paid 35 gold pieces to Gozag.

Inventory:

Hand Weapons
 x - the +4 mace of Governance {vorpal, rC+ MR+}
   (You bought it in a shop on level 5 of the Dungeon)

   It inflicts extra damage upon your enemies.
   It protects you from cold.
   It affects your resistance to hostile enchantments.
 y - a +1 morningstar of holy wrath
 Q - a +0 demon blade (weapon)
 U - the +4 whip "Bingo" {venom, *Rage rElec Int+8 SInv}
   (You found it on level 10 of the Dungeon)

   It poisons the flesh of those it strikes.
   It affects your intelligence (+8).
   It insulates you from electricity.
   It lets you see invisible.
   It may make you go berserk in combat.
Missiles
 i - 68 poisoned darts (quivered)
 l - 16 javelins
 s - 6 atropa-tipped darts
 K - 8 boomerangs
 N - 6 curare-tipped darts
Armour
 a - a +2 tower shield of protection
 b - a +0 kite shield
 j - a +0 buckler (worn)
Jewellery
 o - a ring of protection from cold (left tentacle)
 p - the ring of Ustonas (on tentacle) {+Fly rPois rC++ Str-3 SInv}
   (You found it in a Gauntlet)

   [ring of flight]

   It affects your strength (-3).
   It greatly protects you from cold.
   It protects you from poison.
   It lets you see invisible.
   It lets you fly.
 t - a ring of resist corrosion (right tentacle)
 A - a ring of protection from fire (on tentacle)
 C - a +4 ring of protection (on tentacle)
 D - an uncursed amulet of the acrobat
 F - a ring of magical power (on tentacle)
 I - the amulet "Wanolet" (around mantle) {rElec Regen+}
   (You found it in a Gauntlet)

   [amulet of regeneration]

   It insulates you from electricity.
   It increases your rate of regeneration.
 L - a cursed ring of attention (on tentacle)
 R - the ring of Zovvuley (on tentacle) {rPois Dex+6}
   (You found it in a Gauntlet)

   [ring of poison resistance]

   It affects your dexterity (+6).
   It protects you from poison.
Wands
 c - a wand of disintegration (20)
 d - a wand of paralysis (22)
 h - a wand of enslavement (8)
 M - a wand of polymorph (25)
 O - a wand of acid (1)
 P - a wand of iceblast (10)
 T - a wand of digging (5)
Scrolls
 e - 2 scrolls of amnesia
 f - 9 scrolls of teleportation
 m - 4 scrolls of magic mapping
 q - 2 scrolls of fear
 w - 2 scrolls of enchant weapon
 B - 2 scrolls of enchant armour
 H - a scroll of fog
 S - a scroll of blinking
Potions
 g - 3 potions of curing
 k - 2 potions of mutation
 r - 3 potions of flight
 v - 2 potions of lignification
 z - 2 potions of haste
 E - a potion of degeneration {unknown}
 G - 3 potions of might
 J - 2 potions of brilliance


   Skills:
 - Level 9.3 Fighting
 + Level 12.9 Long Blades
 - Level 4.4 Throwing
 - Level 10.1 Dodging
 - Level 4.0 Shields
 - Level 8.0 Evocations


You had 11 spell levels left.
You didn't know any spells.
Your spell library contained the following spells:

 Spells                   Type           Power        Failure   Level
 Animate Skeleton         Necr           #.....       32%         1
 Apportation              Tloc           #.....       32%         1
 Corona                   Hex            #......      32%         1
 Freeze                   Ice            #...         32%         1
 Sandblast                Erth           #.....       32%         1
 Summon Small Mammal      Summ           #...         32%         1
 Passwall                 Tmut/Erth      #.......     45%         2
 Static Discharge         Conj/Air       #.......     69%         3
 Stone Arrow              Conj/Erth      #.....       69%         3
 Petrify                  Tmut/Erth      #.......     97%         4
 Bolt of Magma            Conj/Fire/Erth #.........   100%        5
 Lee's Rapid Deconstruct  Erth           #.........   100%        5
 Lightning Bolt           Conj/Air       #.........   100%        5
 Ignition                 Fire           #.........   100%        8
 Shatter                  Erth           #.........   100%        9
 Tornado                  Air            #.........   100%        9


Dungeon Overview and Level Annotations

Branches:
Dungeon (13/15)            Temple (0/1) D:4            Lair (0/6) D:9
    Orc (0/2) D:10        Gauntlet (visited)
 Vaults: D:13-14

Altars:
Elyvilon
Fedhas
Gozag
Hepliaklqana
Makhleb
Nemelex Xobeh
Qazlal
Ru
Sif Muna
Vehumet
Wu Jian
The Shining One

Shops:
D:5 (=[}(

Annotations:
D:12 1 runed translucent door, Elenas's ghost, journeyman VSTm
D:13 Jorgrun


Innate Abilities, Weirdness & Mutations

You cannot wear most types of armour.
You are very stealthy in the water. (Stealth+)
You are amphibious.
You can wear up to eight rings at the same time.
You can use your tentacles to constrict eight enemies at once.
Your skin changes colour to match your surroundings (Stealth+).
Your rubbery body absorbs attacks. (AC +1, EV +1)


Message History

Jorgrun hits you with a +0 vorpal quarterstaff.
* * * LOW HITPOINT WARNING * * *
x2 You hit Jorgrun.
You grab Jorgrun. You squeeze Jorgrun.
Jorgrun is severely wounded.
You constrict Jorgrun.
Jorgrun is no longer covered in acid.
Jorgrun gestures at you while chanting.
Roots burst forth from the earth!
The grasping roots grab you!
* * * LOW HITPOINT WARNING * * *
The grasping roots constrict you!
The roots' grasp on you weakens, but your attempt to escape fails.
You constrict Jorgrun. Jorgrun gestures at you while chanting.
You are slowing down.
* * * LOW HITPOINT WARNING * * *
The grasping roots constrict you! Jorgrun gestures at you while chanting.
The iron shot hits you!!!
You die...
Your body crumbles into a pile of gold.

..#.........
###.#........
............
........... #........#
#........#
#...(....######
#....g@........
#####.#.###############
#.#.#........#<....
#.#.#.######.######
#.#.#.#............
#.#.#.#....#.######
#.#.#.####.#.#
#.#.#..)...#.#
#.########.#


You could see Jorgrun (fast, poisoned).

Vanquished Creatures
  A stone giant (shapeshifter) (Gauntlet)
  A minotaur (Gauntlet)
  A great orb of eyes (Gauntlet)
  Nergalle (D:10)
  An unseen horror (D:12)
  A wizard (D:12)
  A manticore (D:12)
  A cyclops (D:12)
  3 ugly things
  A gargoyle (D:11)
  Psyche (D:11)
  Maggie (D:6)
  An ice devil (Gauntlet)
  A polar bear (shapeshifter) (D:12)
  2 hippogriffs (D:10)
  A shadow (D:8)
  2 wraiths (D:12)
  A wyvern (D:12)
  25 yaks
  Eustachio (D:4)
  A warg (D:10)
  Duvessa (D:6)
  3 orc warriors
  4 porcupines (D:8)
  7 sky beasts
  5 ice beasts
  4 black bears
  2 necrophages
  A phantom (D:12)
  2 ogres
  8 centaurs
  2 crocodiles
  3 big kobolds
  7 bullfrogs
  A gnoll sergeant (D:12)
  Dowan (D:6)
  A scorpion (D:7)
  4 wights (D:8)
  12 killer bees
  A howler monkey (D:11)
  An electric eel (D:10)
  2 bullfrog zombies
  2 centaur zombies
  9 orc wizards
  3 hounds
  A jelly (D:5)
  A quasit (D:11)
  Crazy Yiuf (D:3)
  4 orc priests
  A gnoll shaman (D:8)
  A centaur skeleton (D:4)
  An iguana (D:9)
  8 worker ants
  2 hound skeletons
  12 gnolls
  16 adders
  3 shadow imps
  4 white imps (Gauntlet)
  An ufetubus (D:7)
  An ooze (D:5)
  An adder skeleton (D:7)
  4 worms
  A dart slug (D:2)
  3 leopard geckos
  20 orcs
  7 giant cockroaches
  5 goblins
  14 hobgoblins
  10 jackals
  24 kobolds
  3 quokkas
  A ball python (D:1)
  10 bats
  6 frilled lizards
  A leopard gecko skeleton (D:5)
  6 rats
308 creatures vanquished.

Vanquished Creatures (others)
  A human (D:13)
  An orc (D:6)
  29 fungi (D:9)
  23 plants (D:9)
54 creatures vanquished.

Grand Total: 362 creatures vanquished

Notes
Turn   | Place    | Note
-------+----------+-------------------------------------------
     0 | D:1      | amanitamuscaria the Octopode Fighter began the quest for
                  | the Orb.
     0 | D:1      | Reached XP level 1. HP: 16/16 MP: 1/1
    99 | D:1      | Reached XP level 2. HP: 15/21 MP: 2/2
   216 | D:1      | Reached skill level 3 in Long Blades
   769 | D:1      | Reached XP level 3. HP: 26/26 MP: 3/3
  1036 | D:2      | Found an opulent altar of Gozag.
  1045 | D:2      | Became a worshipper of Gozag Ym Sagoz the Greedy
  1206 | D:2      | Reached XP level 4. HP: 31/31 MP: 4/4
  1344 | D:2      | Found a glowing golden altar of the Shining One.
  2074 | D:3      | Found a runed translucent door.
  2075 | D:3      | Noticed Crazy Yiuf
  2421 | D:3      | Reached XP level 5. HP: 32/37 MP: 5/5
  2646 | D:3      | Found a shimmering blue altar of Sif Muna.
  2722 | D:3      | Identified Sif Muna's Incunabulum of the Snowflakes
  2784 | D:3      | Killed Crazy Yiuf
  2947 | D:4      | Reached skill level 1 in Throwing
  2947 | D:4      | Reached XP level 6. HP: 45/45 MP: 6/6
  2987 | D:4      | Found a burning altar of Makhleb.
  3021 | D:4      | Noticed Eustachio
  3036 | D:4      | Killed Eustachio
  3202 | D:4      | Found a blossoming altar of Fedhas.
  3563 | D:4      | Found a sparkling altar of Nemelex Xobeh.
  3631 | D:4      | Reached XP level 7. HP: 42/49 MP: 7/7
  3716 | D:4      | Found a staircase to the Ecumenical Temple.
  4130 | D:5      | Entered Level 5 of the Dungeon
  4143 | D:5      | Reached skill level 4 in Long Blades
  4151 | D:5      | Found Sagriuqo's Antique Weapon Shop.
  4160 | D:5      | Bought an ancient mace for 208 gold pieces
  4160 | D:5      | Identified the +4 mace of Governance {vorpal, rC+ MR+} (You
                  | bought it in a shop on level 5 of the Dungeon)
  4167 | D:5      | Bought a runed morningstar for 182 gold pieces
  4180 | D:5      | Reached skill level 5 in Fighting
  4218 | D:5      | Found Ejul's Antique Armour Shop.
  4578 | D:5      | Reached XP level 8. HP: 44/57 MP: 8/8
  4688 | D:5      | Found Ruoprucsidd's Jewellery Shop.
  4807 | D:5      | Found Komiokk's Weapon Shop.
  5355 | D:5      | Found a white marble altar of Elyvilon.
  5422 | D:5      | Found a shimmering blue altar of Sif Muna.
  5588 | D:5      | Found an ornate altar of the Wu Jian Council.
  5601 | D:5      | Found Zoefoshry's Gadget Boutique.
  6300 | D:5      | Bought a +4 ring of protection for 360 gold pieces
  6323 | D:6      | Noticed Duvessa
  6323 | D:6      | Noticed Dowan
  6332 | D:6      | Killed Duvessa
  6333 | D:6      | Killed Dowan
  6333 | D:6      | Reached skill level 5 in Dodging
  6703 | D:6      | Noticed Maggie
  6858 | D:6      | Killed Maggie
  6858 | D:6      | Reached XP level 9. HP: 29/64 MP: 9/9
  6874 | D:6      | Reached skill level 1 in Evocations
  7382 | D:6      | Found a radiant altar of Vehumet.
  7562 | D:7      | Found a stormy altar of Qazlal.
  7631 | D:7      | Found a hazy altar of Hepliaklqana.
  7684 | D:7      | Found a sacrificial altar of Ru.
  7783 | D:7      | Found the +8 frozen axe "Frostbite" {freezing cloud, *Noise
                  | +Fly rC+}
  8037 | D:7      | Reached skill level 5 in Evocations
  9674 | D:8      | Reached XP level 10. HP: 63/71 MP: 10/10
 10063 | D:8      | Reached skill level 5 in Long Blades
 10609 | D:5      | Bought a wand of acid (7) for 286 gold pieces
 10609 | D:5      | Bought a wand of paralysis (8) for 130 gold pieces
 10609 | D:5      | Bought a wand of paralysis (8) for 130 gold pieces
 10609 | D:5      | Bought a wand of iceblast (12) for 208 gold pieces
 10720 | D:8      | Reached skill level 6 in Long Blades
 11266 | D:9      | Found a staircase to the Lair.
 11293 | D:9      | Reached skill level 7 in Long Blades
 11717 | D:9      | Reached skill level 8 in Long Blades
 12027 | D:9      | Identified a scroll of acquirement
 12028 | D:9      | Acquired a +2 tower shield of protection
 12055 | D:10     | Entered Level 10 of the Dungeon
 12501 | D:10     | Reached skill level 9 in Long Blades
 12652 | D:10     | Reached skill level 10 in Long Blades
 12652 | D:10     | Reached XP level 11. HP: 35/75 MP: 11/11
 12894 | D:10     | You fall into a shaft and drop 1 floor!
 12895 | D:11     | Found a gate leading to a gauntlet.
 12895 | D:11     | Noticed Psyche
 12905 | Gauntlet | Entered a Gauntlet
 12905 | Gauntlet | Found a transporter.
 12905 | Gauntlet | Found a transporter.
 12909 | Gauntlet | Found a transporter.
 12909 | Gauntlet | Found a transporter.
 12915 | Gauntlet | Noticed a balrug
 12917 | Gauntlet | Found a transporter.
 12928 | Gauntlet | Noticed a death ooze
 12934 | Gauntlet | Noticed a worldbinder
 12958 | Gauntlet | Found a transporter.
 12972 | Gauntlet | Found a transporter.
 12975 | Gauntlet | Noticed a wizard
 12983 | Gauntlet | Noticed a wizard
 12987 | Gauntlet | Found a transporter.
 13000 | Gauntlet | Found a transporter.
 13004 | Gauntlet | Noticed a great orb of eyes
 13018 | Gauntlet | Noticed a red ugly thing
 13102 | Gauntlet | Found a transporter.
 13112 | Gauntlet | Found a transporter.
 13112 | Gauntlet | Found a transporter.
 13113 | Gauntlet | Noticed a green ugly thing
 13115 | Gauntlet | Found a transporter.
 13135 | Gauntlet | Found a transporter.
 13136 | Gauntlet | Noticed an orb spider
 13146 | Gauntlet | an orb spider changed into a raiju
 13157 | Gauntlet | Noticed an orb spider
 13157 | Gauntlet | a raiju changed into an orb spider
 13160 | Gauntlet | an orb spider changed into a hippogriff
 13165 | Gauntlet | Noticed a moth of wrath
 13168 | Gauntlet | Noticed a sea snake
 13168 | Gauntlet | a moth of wrath changed into a sea snake
 13169 | Gauntlet | Noticed a sea snake
 13169 | Gauntlet | a floating eye changed into a sea snake
 13239 | Gauntlet | Got a brightly glowing copper ring
 13240 | Gauntlet | Identified the ring of Ustonas {+Fly rPois rC++ Str-3 SInv}
                  | (You found it in a Gauntlet)
 13246 | Gauntlet | Found a transporter.
 13250 | Gauntlet | Noticed a great orb of eyes
 13256 | Gauntlet | Noticed a cyan ugly thing
 13259 | Gauntlet | Noticed a cyan ugly thing
 13274 | Gauntlet | Found a transporter.
 13285 | Gauntlet | Paralysed by a great orb of eyes for 2 turns
 13302 | Gauntlet | Paralysed by a great orb of eyes for 4 turns
 13309 | Gauntlet | Killed a great orb of eyes
 13313 | Gauntlet | Noticed an iron troll
 13317 | Gauntlet | Noticed a swamp dragon
 13317 | Gauntlet | an elephant changed into a swamp dragon
 13399 | Gauntlet | Noticed a cyclops
 13399 | Gauntlet | a swamp dragon changed into a cyclops
 13413 | Gauntlet | a cyclops changed into an eye of devastation
 13427 | Gauntlet | Noticed a harpy
 13427 | Gauntlet | a tarantella changed into a harpy
 13430 | Gauntlet | Noticed a fire giant
 13430 | Gauntlet | an iron troll changed into a fire giant
 13439 | Gauntlet | a harpy changed into a meliai
 13445 | Gauntlet | Noticed a stone giant
 13445 | Gauntlet | a fire giant changed into a stone giant
 13450 | Gauntlet | Noticed a manticore
 13450 | Gauntlet | an eye of devastation changed into a manticore
 13456 | Gauntlet | Noticed a mana viper
 13456 | Gauntlet | a komodo dragon changed into a mana viper
 13463 | Gauntlet | a mana viper changed into an eye of devastation
 13468 | Gauntlet | Noticed a wolf spider
 13468 | Gauntlet | an eye of devastation changed into a wolf spider
 13470 | Gauntlet | a wolf spider changed into a snapping turtle
 13482 | Gauntlet | Got a heavily runed bone amulet
 13482 | Gauntlet | Noticed a mana viper
 13482 | Gauntlet | a snapping turtle changed into a mana viper
 13485 | Gauntlet | Noticed a salamander
 13485 | Gauntlet | a mana viper changed into a salamander
 13495 | Gauntlet | HP: 2/75 [stone giant (shapeshifter) (35)]
 13498 | Gauntlet | Killed a stone giant
 13498 | Gauntlet | Reached skill level 11 in Long Blades
 13509 | Gauntlet | Noticed a faun
 13512 | Gauntlet | Noticed a cyclops
 13512 | Gauntlet | a faun changed into a cyclops
 13525 | Gauntlet | Noticed a death drake
 13525 | Gauntlet | a cyclops changed into a death drake
 13533 | Gauntlet | Noticed a deep troll
 13533 | Gauntlet | a death drake changed into a deep troll
 13535 | Gauntlet | Noticed a wolf spider
 13535 | Gauntlet | a deep troll changed into a wolf spider
 13536 | Gauntlet | a wolf spider changed into a slime creature
 13546 | Gauntlet | Noticed a faun
 13546 | Gauntlet | a swamp worm changed into a faun
 13709 | Gauntlet | Identified the amulet "Wanolet" {rElec Regen+} (You found
                  | it in a Gauntlet)
 13771 | Gauntlet | Noticed a minotaur
 13779 | Gauntlet | Killed a minotaur
 13798 | Gauntlet | Identified Kihun's Almanac of Earth
 13799 | Gauntlet | Got a coiled granite ring
 13866 | D:11     | Noticed a purple ugly thing
 13872 | D:11     | Killed a purple ugly thing
 13942 | D:11     | Killed Psyche
 14679 | D:11     | Identified the ring of Zovvuley {rPois Dex+6} (You found it
                  | in a Gauntlet)
 14782 | D:10     | Noticed Nergalle
 14804 | D:10     | Killed Nergalle
 14937 | D:10     | Found a staircase to the Orcish Mines.
 15116 | D:10     | Reached XP level 12. HP: 72/85 MP: 12/12
 15530 | D:10     | Got a warped whip
 15531 | D:10     | Identified the +4 whip "Bingo" {venom, *Rage rElec Int+8
                  | SInv} (You found it on level 10 of the Dungeon)
 15667 | D:12     | Reached skill level 10 in Dodging
 15749 | D:12     | Found a runed translucent door.
 15771 | D:12     | Noticed Elenas's ghost (journeyman VSTm)
 15991 | D:12     | Reached skill level 12 in Long Blades
 16670 | D:13     | Noticed Jorgrun
 16680 | D:13     | HP: 3/85 [Jorgrun/iron shot (65)]
 16683 | D:13     | Killed from afar by Jorgrun

Illustrated notes

Levels and vault maps discovered:
D:1:      heliophobic_arrival_glass_houses, layout_rooms
D:2:      layout_basic, lemuel_coloured_pillars_altar, tso_altar
D:3:      layout_loops_ring, led_sif_book, uniq_crazy_yiuf_cottage
D:4:      layout_basic, kennysheep_little_box, lemuel_crystal_altar,
          makhleb_blood_cavern_becter, minmay_temple_entry_large_hall,
          uniq_eustachio
D:5:      layout_layer_cave, overflow_temple_1_default,
          grunt_temple_overflow_open, serial_shops, shop, shop,
          nicolae_shop_trees, shop, nicolae_shop_stone, minmay_misc_feat_five,
          kennysheep_path_1
D:6:      layout_loops_corners, vehumet_crystals, minmay_small_thing,
          uniq_maggie, uniq_duvessa
D:7:      layout_rooms, nicolae_qazlal_style_of_elements,
          overflow_temple_1_default, nicolae_ru_path_of_blood
D:8:      layout_loops_corners, corner_web_ring
D:9:      layout_rooms, due_lair_maze_entry_diamond
D:10:     layout_irregular_city, erik_orc_3, fountainhead, uniq_nergalle
D:11:     layout_long_grid, gauntlet_entry_generic, uniq_psyche
D:12:     layout_loops_cross, ebering_ghost_reflecting_pool, minmay_door_square
D:13:     layout_basic, ximxim_vaults_locker_room, basic_altar,
          nrook_mini_backslash, uniq_jorgrun

Skill      XL: |  1  2  3  4  5  6  7  8  9 10 11 12 |
---------------+-------------------------------------+-----
Long Blades    | 3 4 10 11 12 | 12.9
Shields        | 4 |  4.0
Fighting       | 4 6 7 9 |  9.3
Throwing       | 1 4 |  4.4
Dodging        | 7 9 10 | 10.1
Evocations     | 8 |  8.0

Action                   |  1- 3 |  4- 6 |  7- 9 | 10-12 || total
-------------------------+-------+-------+-------+-------++-------
Melee: Long sword        |    62 |    21 |       |       ||    83
       Constrict         |    24 |    22 |    49 |    53 ||   148
       Tentacles         |     9 |     9 |    42 |   163 ||   223
       Whip              |       |    75 |     2 |       ||    77
       Mace              |       |       |   208 |    55 ||   263
       Demon blade       |       |       |       |   480 ||   480
Throw: Dart              |     5 |     1 |    19 |    34 ||    59
Evoke: Wand              |       |       |       |    11 ||    11
  Use: Scroll            |       |       |    14 |    11 ||    25
       Potion            |       |       |     5 |     9 ||    14
 Stab: Sleeping          |     2 |     5 |     6 |    10 ||    23
       Distracted        |       |     1 |     3 |     8 ||    12
       Invisible         |       |       |       |     2 ||     2
Armor: Skin              |     6 |    12 |    23 |    47 ||    88
Dodge: Dodged            |    36 |    42 |   182 |   309 ||   569
Block: Kite shield       |     7 |       |       |       ||     7
       Buckler           |     5 |    14 |    49 |    98 ||   166
       Rpst.: Long sword |    11 |     2 |       |       ||    13
       Demon blade       |       |       |       |    65 ||    65

Table legend: (Time is in decaauts)
 A = Elapsed time spent in this place.
 B = Non-inter-level travel time spent in this place.
 C = Inter-level travel time spent in this place.
 D = Time resting spent in this place.
 E = Time spent auto-exploring this place.
 F = Levels seen in this place.
 G = Mean time per level.
                   A        B        C        D        E       F      G
               +--------+--------+--------+--------+--------+-----+--------+
         Total |  16677 |  16151 |    526 |   2625 |  10402 |  14 | 1191.2 |
       Dungeon |  15808 |  15282 |    526 |   2298 |  10402 |  13 | 1216.0 |
      Gauntlet |    869 |    869 |      0 |    327 |      0 |   1 |  869.0 |
               +--------+--------+--------+--------+--------+-----+--------+

Top non-repeatable levels by time:
     D:8: 2222 daAuts
     D:5: 1887 daAuts
    D:10: 1603 daAuts
     D:4: 1558 daAuts
     D:7: 1384 daAuts
     D:6: 1329 daAuts
     D:3: 1271 daAuts
    D:12: 999 daAuts
    D:11: 960 daAuts
Gauntlet: 869 daAuts
     D:2: 855 daAuts
     D:9: 838 daAuts
     D:1: 835 daAuts
    D:13: 62 daAuts
